AoeStats
← F35iscoming

Arena

510147269Analyzed
1v1 RM · 2d ago on Sep 29, 2026· 34m 6s· 2 players
Game mode
Random Map
Map size
Tiny (2 player)
Population
200
Speed
Normal
Resources
Standard
Victory
Conquest
Starting age
Dark Age
Ending age
Imperial Age
RankedLock teamsTeams togetherTeam positionsShared explorationLock speedFull tech treeHidden civsTurbo modeCheats
Victory
Defeat
🇨🇳 Mongols · China
945
+17
🇦🇷 Turks · Argentina
974
-17
F35iscoming
10:21 Feudal Age
11:15 Double-Bit Axe
14:06 Castle Age
12:21 Horse Collar
15:18 Bow Saw
18:01 Loom
19:13 Heavy Plow
22:58 Wheelbarrow
23:23 Gold Mining
24:39 Hand Cart
25:30 Bloodlines
25:30 Scale Barding Armor
26:17 Husbandry
29:39 Imperial Age
28:05 Chain Barding Armor
27:55 Forging
27:32 Light Cavalry
27:59 Town Watch
29:16 Gold Shaft Mining
28:31 Stone Mining
28:54 Thumb Ring
28:52 Herbal Medicine
28:50 Fletching
30:34 Iron Casting
30:01 Padded Archer Armor
30:22 Bodkin Arrow
30:57 Elite Steppe Lancer
31:56 Fortified Wall
33:16 Blast Furnace
32:43 Conscription
32:31 Bracer
32:31 Scale Mail Armor
32:47 Leather Archer Armor
34:08 Chain Mail Armor
34:17 Drill
34:34 Hoardings
33:47 Heavy Cavalry Archer
34:52 Parthian Tactics
APPELFX
5:52 Loom
9:19 Feudal Age
10:36 Wheelbarrow
9:48 Double-Bit Axe
9:47 Horse Collar
10:11 Town Watch
21:04 Castle Age
19:59 Gold Mining
20:01 Stone Mining
22:21 Hand Cart
22:09 Husbandry
22:19 Heavy Plow
22:33 Bow Saw
24:22 Fervor
25:57 Scale Barding Armor
28:59 Treadmill Crane
29:15 Murder Holes
29:36 Bloodlines
33:25 Imperial Age
32:51 Forging
33:36 Heavy Camel Rider
Connection lost

Rejoining the realm…

Still unreachable

The connection could not be restored.

Session expired

The server has moved on; the page needs a fresh start.